 Dungeon Crawl Stone Soup version 0.16.1-7-g2c6721e (webtiles) character file.

31 Siriah the Caller (level 3, -7/15 HPs)
             Began as a Felid Summoner on Mar 29, 2015.
             Mangled by Terence
             ... wielding a +2 hand axe of electrocution
              (15 damage)
             ... on level 2 of the Dungeon.
             The game lasted 00:04:33 (907 turns).

Siriah the Caller (Felid Summoner)                   Turns: 907, Time: 00:04:34

Health: -7/15      AC:  1    Str:  4    XL:     3   Next: 7%
Magic:  1/8        EV: 18    Int: 17    God:
Gold:   24         SH:  0    Dex: 16    Spells: 1 memorised, 6 levels left
                                        Lives:  0   Deaths: 0

rFire  . . .     SeeInvis +     (weapon unavailable)
rCold  . . .     Clarity  .     (armour unavailable)
rNeg   . . .     SustAb   .     (shield unavailable)
rPois  .         Gourm    .     (helmet unavailable)
rElec  .         Spirit   .     (cloak unavailable)
rCorr  .         Warding  .     (gloves unavailable)
rMut   .         Stasis   .     (boots unavailable)
MR     .....                    (no amulet)
Stlth  +++.......               (no ring)
                                (no ring)

@: quick, not resistant to hostile enchantments, fairly stealthy
A: paw claws, no armour, no weapons or thrown items, fangs 3, see invisible,
carnivore 3, speed 1, shaggy fur 1, slow metabolism 1, sharp paws
a: no special abilities


You were on level 2 of the Dungeon.
You were very full.

You visited 1 branch of the dungeon, and saw 2 of its levels.

You collected 24 gold pieces.

Inventory:

Scrolls
 a - a scroll of magic mapping {unknown}
 d - a scroll of identify {unknown}
Books
 b - a book of Callings

   Spells                             Type                      Level
   a - Summon Small Mammal            Summoning                    1
   b - Call Imp                       Summoning                    2
   c - Call Canine Familiar           Summoning                    3
   d - Summon Guardian Golem          Hexes/Summoning              4
   e - Summon Lightning Spire         Summoning/Air                4
   f - Summon Ice Beast               Ice/Summoning                4
Comestibles
 c - 2 meat rations
 f - 6 chunks of flesh
 g - a slice of pizza


   Skills:
 + Level 0.4 Fighting
 + Level 2.8 Dodging
 + Level 2.9 Stealth
 + Level 2.5 Spellcasting
 + Level 4.4 Summonings


You had 6 spell levels left.
You knew the following spells:

 Your Spells              Type           Power        Failure   Level  Hunger
a - Summon Small Mammal   Summ           ###.         2%          1    #......


Dungeon Overview and Level Annotations

Branches:
Dungeon (2/15)

Altars:

Annotations:
D:2 Terence


Innate Abilities, Weirdness & Mutations

You cannot wear armour.
You are incapable of wielding weapons or throwing items.
You have razor-sharp teeth.
You have supernaturally acute eyesight.
You are carnivorous and can eat meat at any time.
You cover ground quickly.
You are covered in fur (AC +1).
You have a slow metabolism.
Your paws have sharp claws that are effective at stabbing.


Message History

Terence hits you but does no damage.
Terence hits your rat with a hand axe of electrocution.
There is a sudden explosion of sparks!
Your rat dies!
Your rat's corpse disappears in a puff of smoke!
Casting: Summon Small Mammal
Confirm with . or Enter, or press ? or * to list all spells.
You swap places.
Your quokka barely misses Terence.
Your quokka bites Terence.
Your quokka barely misses Terence.
Your quokka barely misses Terence.
Terence closely misses you.
Terence hits your quokka with a hand axe of electrocution.
Your quokka bites Terence but does no damage.
Your quokka bites Terence.
Your quokka bites Terence but does no damage.
Terence hits you with a hand axe of electrocution!
You are electrocuted!
Ouch! That really hurt!
You die...

#.# ..# ###### #.# .....#
# #.# .....####.# #.#
...(......####.#######
.......#####.........#
...............@.....#...
##..#..#####...r@.........
#..#.## ###...........
##....# #...........
#....### ##...........
#......######)..........
............†...........
#.##...######.....(.....
..###..# #.......... ..#
##.# #..#.....#.


You could see Terence and a friendly quokka.

Vanquished Creatures
  2 bats (D:1)
  A hobgoblin (D:1)
  A giant gecko (D:1)
  A goblin (D:2)
  3 rats (D:1)
8 creatures vanquished.

Vanquished Creatures (collateral kills)
  Jessica (D:2)
  An adder (D:2)
  A giant gecko (D:1)
  A goblin (D:1)
  3 hobgoblins
  A bat (D:1)
  3 jackals (D:1)
  2 kobolds (D:1)
13 creatures vanquished.

Vanquished Creatures (others)
  5 quokkas
  A bat (D:2)
  7 rats
13 creatures vanquished.

Grand Total: 34 creatures vanquished

Notes
Turn   | Place    | Note
--------------------------------------------------------------
     0 | D:1      | Siriah, the Felid Summoner, began the quest for the Orb.
     0 | D:1      | Reached XP level 1. HP: 7/7 MP: 4/4
   451 | D:1      | Reached XP level 2. HP: 9/11 MP: 1/5
   860 | D:2      | Noticed Jessica
   871 | D:2      | Noticed Terence
   876 | D:2      | Killed Jessica
   876 | D:2      | Reached XP level 3. HP: 13/15 MP: 1/8
   907 | D:2      | Mangled by Terence

Action                   || total
-------------------------++-------
Melee: Unarmed           ||    36
 Cast: Summon Small Mamm ||    29
  Use: Potion            ||     2
 Stab: Sleeping          ||     2
  Eat: Chunk             ||     7
